 Dungeon Crawl Stone Soup version 0.21.0-25-ge575cb9 (webtiles) character file.

126 tidbits the Charlatan (level 5, -9/40 HPs)
             Began as a Gnoll Artificer on Jan 26, 2018.
             Killed themself with a badly aimed iceblast (19 damage)
             ... on level 6 of the Dungeon.
             The game lasted 00:04:59 (526 turns).

tidbits the Charlatan (Gnoll Artificer)              Turns: 526, Time: 00:04:59

Health: -9/40      AC:  3    Str: 14    XL:     5   Next: 10%
Magic:  9/9        EV: 14    Int: 14    God:
Gold:   51         SH:  0    Dex: 16    Spells: 6/6 levels left

rFire    . . .     SeeInvis .   a - +0 rapier
rCold    . . .     Gourm    .   (no shield)
rNeg     . . .     Faith    .   b - +0 leather armour
rPois    .         Spirit   .   (no helmet)
rElec    .         Reflect  .   (no cloak)
rCorr    .         Harm     .   (no gloves)
MR       .....                  (no boots)
Stlth    ++........             (no amulet)
HPRegen  0.13/turn              (no ring)
MPRegen  0.11/turn              (no ring)

@: no status effects
A: distributed training, fangs 1, strong nose
a: no special abilities


You were on level 6 of the Dungeon.
You were full.

You visited 1 branch of the dungeon, and saw 6 of its levels.

You collected 51 gold pieces.

Inventory:

Hand Weapons
 a - a +0 rapier (weapon)
 o - a +0 short sword
Armour
 b - a +0 leather armour (worn)
Wands
 c - a wand of flame (2)
 d - a wand of enslavement (14)
 e - a wand of random effects (7)
Scrolls
 g - a scroll of immolation
 i - a scroll of remove curse
 m - a scroll of amnesia {unknown}
 n - 3 scrolls of teleportation
Potions
 p - a potion of berserk rage {unknown}
 q - a potion of curing {unknown}
Comestibles
 f - a ration


   Skills:
 + Level 2.8 Fighting
 + Level 2.8 Short Blades
 + Level 1.3 Long Blades
 + Level 1.3 Axes
 + Level 1.3 Maces & Flails
 + Level 1.3 Polearms
 + Level 1.3 Staves
 + Level 1.3 Slings
 + Level 1.3 Bows
 + Level 1.3 Crossbows
 + Level 1.3 Throwing
 + Level 1.3 Armour
 + Level 4.7 Dodging
 + Level 2.6 Stealth
 + Level 1.3 Shields
 + Level 1.3 Unarmed Combat
 + Level 1.3 Spellcasting
 + Level 1.0 Conjurations
 + Level 1.0 Hexes
 + Level 1.0 Charms
 + Level 1.0 Summonings
 + Level 1.0 Necromancy
 + Level 1.0 Translocations
 + Level 1.0 Transmutations
 + Level 1.0 Fire Magic
 + Level 1.0 Ice Magic
 + Level 1.0 Air Magic
 + Level 1.0 Earth Magic
 + Level 1.0 Poison Magic
 + Level 1.4 Invocations
 + Level 6.6 Evocations


You had 6 spell levels left.
You didn't know any spells.

Dungeon Overview and Level Annotations

Branches:
Dungeon (6/15)
 Temple: D:4-7

Altars:
Okawaru
Yredelemnul

Annotations:
D:3 Robin


Innate Abilities, Weirdness & Mutations

Your experience applies equally to all skills.
You have very sharp teeth.
Your uncanny sense of smell can sniff out nearby items.


Message History

Found a stone staircase leading down.
There is a stone staircase leading down here.
It was a potion of brilliance.
You feel clever all of a sudden.
You climb downwards.
There is a stone staircase leading up here.
You hear a distant blaring wail to the west.
A leopard gecko comes into view.
The leopard gecko hisses angrily.
You barely miss the leopard gecko. The leopard gecko bites you. x2
You hit the leopard gecko. You bite the leopard gecko.
The leopard gecko is almost dead.
The leopard gecko closely misses you.
You closely miss the leopard gecko.
The leopard gecko is almost dead.
The leopard gecko closely misses you.
You puncture the leopard gecko!
You kill the leopard gecko!
A quasit comes into view.
The quasit gives a chilling moan.
Evoke which item? (* to show all) (? for menu, Esc to quit)
Aiming: Random Effects
Press: ? - help, Shift-Dir - straight line, f - quasit
Aim: a quasit The quasit seems to speed up.
Evoke which item? (* to show all) (? for menu, Esc to quit)
Aiming: Random Effects
Press: ? - help, Shift-Dir - straight line, f/p - quasit
Aim: a quasit (fast)
The bolt of negative energy hits the quasit.
The quasit completely resists.
Evoke which item? (* to show all) (? for menu, Esc to quit)
Aiming: Random Effects
Press: ? - help, Shift-Dir - straight line, f/p - quasit
Aim: a quasit (fast) Nothing appears to happen.
The quasit closely misses you.
The quasit claws you but does no damage.
The quasit barely misses you.
Evoke which item? (* to show all) (? for menu, Esc to quit)
Aiming: Random Effects
Press: ? - help, Shift-Dir - straight line, f/p - quasit
Aim: a quasit (fast)
The quasit twists and deforms.
The quasit bites you but does no damage.
The quasit misses you. The quasit barely misses you.
The quasit closely misses you.
The quasit claws you but does no damage.
The quasit barely misses you.
Evoke which item? (* to show all) (? for menu, Esc to quit)
Aiming: Random Effects
Press: ? - help, Shift-Dir - straight line, f/p - quasit
Aim: a quasit (fast, misshapen and mutated)
The quasit looks slightly unstable.
The quasit bites you but does no damage.
The quasit claws you but does no damage.
The quasit misses you. The quasit closely misses you.
The quasit barely misses you. The quasit misses you.
Evoke which item? (* to show all) (? for menu, Esc to quit)
Aiming: Random Effects
Press: ? - help, Shift-Dir - straight line, f/p - quasit
Aim: a quasit (fast, misshapen and mutated)
The mass of ice explodes!
The iceblast engulfs the quasit.
The quasit partially resists.
You kill the quasit!
Your Conjurations skill increases to level 1!
Your Hexes skill increases to level 1!
Your Charms skill increases to level 1!
Your Summonings skill increases to level 1!
Your Necromancy skill increases to level 1!
Your Translocations skill increases to level 1!
Your Transmutations skill increases to level 1!
Your Fire Magic skill increases to level 1!
Your Ice Magic skill increases to level 1!
Your Air Magic skill increases to level 1!
Your Earth Magic skill increases to level 1!
Your Poison Magic skill increases to level 1!
The iceblast engulfs you!
Ouch! That really hurt!
* * * LOW HITPOINT WARNING * * *
You feel a little less clever now.
Found a spear.
You see here a spear.
A hound comes into view.
Evoke which item? (* to show all) (? for menu, Esc to quit)
Aiming: Random Effects
Press: ? - help, Shift-Dir - straight line, f - hound
Aim: a hound (hasn't noticed you)
The hound barks!
The hound seems to speed up.
Evoke which item? (* to show all) (? for menu, Esc to quit)
Aiming: Random Effects
Press: ? - help, Shift-Dir - straight line, f/p - hound
Aim: a hound (fast)
The hound flickers and vanishes!
Evoke which item? (* to show all) (? for menu, Esc to quit)
Aiming: Random Effects
Press: ? - help, Shift-Dir - straight line, f - you The mass of ice explodes!
The iceblast engulfs something.
You have reached level 5!
You feel a bit more experienced. The iceblast engulfs you!
You die...

......# ......# #<# #.#.
....######
##.#......#############
#......#.#.....#.....# ..#
##.#.#.###.#.###.# ...
#.......†@....#.##### #.#
#.#.#.###.#.#.......#
#.#.##.#.#...<.#.##..#.#.#
#........#######.##......#
######.###### #.........#
####.......# ####.#....#
#.......##.# #.##.#.#
####.##..#.# #......#
.....##....## # ####.###


There were no monsters in sight!

Vanquished Creatures
  A hound (D:6)
  A quasit (D:6)
  2 adders
  A worm (D:2)
  2 dart slugs (D:1)
  2 leopard geckos
  An orc (D:5)
  A bat (D:2)
  3 hobgoblins
  2 frilled lizards (D:3)
  3 goblins
  2 kobolds
  A rat (D:2)
22 creatures vanquished.

Vanquished Creatures (collateral kills)
  A hound (D:5)
1 creature vanquished.

Grand Total: 23 creatures vanquished

Notes
Turn   | Place    | Note
-------+----------+-------------------------------------------
     0 | D:1      | tidbits the Gnoll Artificer began the quest for the Orb.
     0 | D:1      | Reached XP level 1. HP: 17/17 MP: 4/4
   100 | D:3      | Noticed Robin
   103 | D:2      | Reached XP level 2. HP: 12/23 MP: 6/6
   130 | D:2      | Reached XP level 3. HP: 11/28 MP: 7/7
   187 | D:3      | Found an iron altar of Okawaru.
   250 | D:5      | Entered Level 5 of the Dungeon
   282 | D:4      | Noticed a phantom
   302 | D:5      | Reached skill level 1 in Invocations
   383 | D:5      | Noticed an ogre
   395 | D:5      | Reached skill level 1 in Long Blades
   395 | D:5      | Reached skill level 1 in Axes
   395 | D:5      | Reached skill level 1 in Maces & Flails
   395 | D:5      | Reached skill level 1 in Polearms
   395 | D:5      | Reached skill level 1 in Staves
   395 | D:5      | Reached skill level 1 in Slings
   395 | D:5      | Reached skill level 1 in Bows
   395 | D:5      | Reached skill level 1 in Crossbows
   395 | D:5      | Reached skill level 1 in Throwing
   395 | D:5      | Reached skill level 1 in Armour
   395 | D:5      | Reached skill level 1 in Shields
   395 | D:5      | Reached skill level 1 in Unarmed Combat
   395 | D:5      | Reached skill level 1 in Spellcasting
   395 | D:5      | Reached XP level 4. HP: 24/34 MP: 8/8
   411 | D:5      | Found a basalt altar of Yredelemnul.
   472 | D:6      | Reached skill level 1 in Conjurations
   472 | D:6      | Reached skill level 1 in Hexes
   472 | D:6      | Reached skill level 1 in Charms
   472 | D:6      | Reached skill level 1 in Summonings
   472 | D:6      | Reached skill level 1 in Necromancy
   472 | D:6      | Reached skill level 1 in Translocations
   472 | D:6      | Reached skill level 1 in Transmutations
   472 | D:6      | Reached skill level 1 in Fire Magic
   472 | D:6      | Reached skill level 1 in Ice Magic
   472 | D:6      | Reached skill level 1 in Air Magic
   472 | D:6      | Reached skill level 1 in Earth Magic
   472 | D:6      | Reached skill level 1 in Poison Magic
   472 | D:6      | HP: 3/34 [shot self (27)]
   526 | D:6      | Reached XP level 5. HP: 10/40 MP: 9/9
   526 | D:6      | Killed themself with a badly aimed iceblast

Skill      XL: |  1  2  3  4 |
---------------+-------------+-----
Invocations    | 1 |  1.4
Long Blades    | 1 |  1.3
Axes           | 1 |  1.3
Maces & Flails | 1 |  1.3
Polearms       | 1 |  1.3
Staves         | 1 |  1.3
Slings         | 1 |  1.3
Bows           | 1 |  1.3
Crossbows      | 1 |  1.3
Throwing       | 1 |  1.3
Armour         | 1 |  1.3
Shields        | 1 |  1.3
Unarmed Combat | 1 |  1.3
Spellcasting   | 1 |  1.3
Conjurations   | 1 |  1.0
Hexes          | 1 |  1.0
Charms         | 1 |  1.0
Summonings     | 1 |  1.0
Necromancy     | 1 |  1.0
Translocations | 1 |  1.0
Transmutations | 1 |  1.0
Fire Magic     | 1 |  1.0
Ice Magic      | 1 |  1.0
Air Magic      | 1 |  1.0
Earth Magic    | 1 |  1.0
Poison Magic   | 1 |  1.0
Fighting       | |  2.8
Short Blades   | |  2.8
Dodging        | |  4.7
Stealth        | |  2.6
Evocations     | |  6.6

Action                   |  1- 3 |  4- 6 || total
-------------------------+-------+-------++-------
Melee: Short sword       |    11 |       ||    11
       Bite              |     3 |     1 ||     4
       Rapier            |    25 |     4 ||    29
Evoke: Wand              |    14 |     8 ||    22
  Use: Scroll            |     5 |     1 ||     6
       Potion            |       |     1 ||     1
 Stab: Sleeping          |     2 |       ||     2
  Eat: Ration            |     1 |       ||     1
Armor: Leather armour    |     1 |     5 ||     6
Dodge: Dodged            |    31 |    12 ||    43

Table legend:
 A = Turns spent in this place as a percentage of turns spent in the entire game.
 B = Non-inter-level travel turns spent in this place as a percentage of non-inter-level travel turns spent in the entire game.
 C = Inter-level travel turns spent in this place as a percentage of turns spent in this place.
 D = Turns resting spent in this place as a percentage of non-inter-level travel turns spent in this place.
 E = Turns spent auto-exploring this place as a percentage of non-inter-level travel turns spent in this place.
 F = Non-inter-level travel turns spent in this place divided by the number of levels of this place that you've seen.
                   A       B       C       D       E      F
               +-------+-------+-------+-------+-------+----------------------
         Total | 100.0 | 100.0 |   1.0 |   0.0 |   0.0 |  86.8
       Dungeon | 100.0 | 100.0 |   1.0 |   0.0 |   0.0 |  86.8
               +-------+-------+-------+-------+-------+----------------------

Table legend:
 A = Kills in this place as a percentage of kills in entire the game.
 B = Kills by you in this place as a percentage of kills by you in the entire game.
 C = Kills by friends in this place as a percentage of kills by friends in the entire game.
 D = Other kills in this place as a percentage of other kills in the entire game.
 E = Experience gained in this place as a percentage of experience gained in the entire game.
 F = Experience gained in this place divided by the number of levels of this place that you have seen.
                   A       B       C       D       E      F
               +-------+-------+-------+-------+-------+----------------------
         Total | 100.0 | 100.0 | 100.0 |   N/A | 100.0 |  30.2
       Dungeon | 100.0 | 100.0 | 100.0 |   N/A | 100.0 |  30.2
               +-------+-------+-------+-------+-------+----------------------

Vault maps used:
D:1:      dpeg_arrival_leaves_temple_mockup
D:2:      kennysheep_slug_shrine, minmay_tree_intersection
D:3:      bloody_trog, lemuel_statue_altar, uniq_crazy_yiuf_cottage, uniq_robin,
          uniq_grinder
D:4:      temple_hall, first_ration
D:5:      old_standard_altar, uniq_duvessa
D:6:      nemelex_xobeh_ov_fountains_minmay
